 Dungeon Crawl Stone Soup version 0.30-a0-1164-ge08a67761e (webtiles) character file.

Game seed: 9627796448088931730

53 themarg the Caller (level 3, -2/24 HPs)
             Began as a Merfolk Summoner on Apr 29, 2023.
             Blown up by Ijyb (19 damage)
             ... with a mindburst bolt
             ... on level 3 of the Dungeon.
             The game lasted 00:03:51 (1972 turns).

themarg the Caller (Merfolk Summoner)               Turns: 1972, Time: 00:03:51

Health: -2/24      AC:  2    Str:  8    XL:     3   Next: 87%
Magic:  1/6        EV: 12    Int: 16    God:
Gold:   109        SH:  0    Dex: 14    Spells: 0/6 levels left

rFire   . . .        r - +0 spear
rCold   . . .        (no shield)
rNeg    . . .        a - +0 robe
rPois   .            (no helmet)
rElec   .            (no cloak)
rCorr   .            (no gloves)
SInv    .            (no boots)
Will    .....        (no amulet)
Stlth   ++           (no ring)
HPRegen 0.24/turn    (no ring)
MPRegen 0.10/turn

%: no passive effects
@: no status effects
A: (nimble swimmer 2), mertail
a: no special abilities


You were on level 3 of the Dungeon.
You visited 1 branch of the dungeon, and saw 3 of its levels.

You collected 109 gold pieces.

Inventory:

Hand Weapons
 e - a +0 dagger
 r - a +0 spear (weapon)
Missiles
 i - 19 stones
Armour
 a - a +0 robe (worn)
Wands
 n - a wand of roots (4)
Scrolls
 f - a scroll of blinking {unknown}
 j - 2 scrolls of identify {unknown}
 m - a scroll of brand weapon {unknown}
 p - a scroll of teleportation {unknown}
 q - a scroll of torment {unknown}
Potions
 b - a potion of magic
 c - 3 potions of curing {unknown}
 d - a potion of ambrosia {unknown}
 g - a potion of haste {unknown}
 h - 2 potions of heal wounds {unknown}
 k - a potion of cancellation {unknown}
 l - 3 potions of degeneration {unknown}
 o - a potion of might {unknown}


   Skills:
 - Level 2.6 Dodging
 - Level 2.1 Stealth
 - Level 2.0 Spellcasting
 + Level 5.4 Summonings


You couldn't memorise any spells.
You knew the following spells:

 Your Spells              Type           Power      Damage    Failure   Level
a - Summon Small Mammal   Summ           72%        N/A       2%          1
b - Call Imp              Summ           36%        N/A       3%          2
c - Call Canine Familiar  Summ           18%        N/A       7%          3

Your spell library contained the following spells:

 Spells                   Type           Power      Damage    Failure   Level
 Summon Guardian Golem    Hex/Summ       10%        N/A       21%         3
 Ozocubu's Armour         Ice            1%         N/A       52%         3
 Summon Lightning Spire   Summ/Air       10%        N/A       56%         4
 Metabolic Englaciation   Hex/Ice        0%         N/A       99%         5
 Simulacrum               Ice/Necr       0%         N/A       100%        6


Dungeon Overview and Level Annotations

Branches:
Dungeon (3/15)

Altars:

Shops:
D:2 :

Annotations:
D:3 Ijyb


Innate Abilities, Weirdness & Mutations

((You are very nimble when in or above water. (Stealth+, EV+, Speed+++)))
Your lower body shifts to a powerful aquatic tail in water.


Message History

The gnoll shouts!
The orc shouts!
A tiny devil pulls itself out of the air.
Your bat closely misses Ijyb.
You hit Ijyb but do no damage. Your bat misses Ijyb. Ijyb closely misses you.
You hit Ijyb.
Ijyb is lightly wounded.
Your bat closely misses Ijyb.
Your cerulean imp hits the orc but does no damage.
Ijyb hits you with a +0 dagger.
You miss Ijyb.
Ijyb is lightly wounded.
Your bat hits Ijyb but does no damage.
Your bat barely misses Ijyb.
Ijyb misses you.
You barely miss Ijyb.
Ijyb is lightly wounded.
Your bat closely misses Ijyb.
Your cerulean imp hits the orc from afar with a -3 spear.
Ijyb hits you with a +0 dagger.
You barely miss Ijyb.
Ijyb is lightly wounded.
Your bat hits Ijyb but does no damage. Ijyb hits you but does no damage.
Your cerulean imp hits the orc from afar with a -3 spear.
You hit Ijyb but do no damage.
Ijyb is lightly wounded.
Your bat barely misses Ijyb.
Ijyb screams, "I no like you!" Ijyb hits you with a +0 dagger.
Your cerulean imp hits the orc but does no damage.
You hit Ijyb but do no damage.
Ijyb is lightly wounded.
Your bat completely misses Ijyb.
Ijyb barely misses you.
Your cerulean imp hits the orc from afar with a -3 spear.
The orc dies!
You hear a splash.
You closely miss Ijyb.
Ijyb is lightly wounded.
Your bat barely misses Ijyb.
Ijyb barely misses you.
Ijyb zaps a wand.
Your mind is blasted!
Ouch! That really hurt!
You die...

#..#.# #.## ######.#.####
#.## #...........#####
###.## #.####......†...#
#...<. #.####.......)..#
#.#.## #.......###.##..#
#.#.## #..###..# #.##..#
#....# # #..#
#.##..###.††.. #.@#
#.##....#....#
.....P...gh..............
....~~~~~~~~~≈~~≈~~~~~~..
....~≈~≈b≈5≈≈≈≈≈≈~≈≈~≈~..
....~≈#####~~)~~~~~~~~~..
....~≈ ogg#...)..........
....~≈ ...#############++
...P~~ ##+#


You could see Ijyb (ally target), 2 gnolls, an orc, a friendly hound (summoned),
a friendly cerulean imp (summoned) and a friendly bat (summoned).

Vanquished Creatures
  An adder (D:2)
  A ball python (D:2)
  An endoplasm (D:2)
  A giant cockroach (D:2)
  A bat (D:2)
5 creatures vanquished.

Vanquished Creatures (collateral kills)
  A gnoll (D:3)
  A dart slug (D:3)
  4 orcs (D:3)
  2 endoplasms
  A goblin (D:1)
  4 jackals (D:3)
  A kobold (D:1)
  A quokka (D:1)
  A ball python (D:1)
  3 bats
  A frilled lizard (D:1)
  3 rats (D:1)
23 creatures vanquished.

Grand Total: 28 creatures vanquished

Notes
Turn   | Place    | Note
-------+----------+-------------------------------------------
     0 | D:1      | themarg the Merfolk Summoner began the quest for the Orb.
     0 | D:1      | Reached XP level 1. HP: 13/13 MP: 3/3
   190 | D:1      | Reached XP level 2. HP: 19/19 MP: 1/5
   193 | D:1      | Learned a level 2 spell: Call Imp
   311 | D:1      | Found a faded altar of an unknown god.
   880 | D:2      | Reached XP level 3. HP: 24/24 MP: 2/6
   884 | D:2      | Learned a level 3 spell: Call Canine Familiar
   924 | D:2      | Found Wojirruk's Book Emporium.
  1560 | D:3      | Reached skill level 5 in Summonings
  1960 | D:3      | Noticed Ijyb
  1972 | D:3      | Blown up by Ijyb

Illustrated notes

Levels and vault maps discovered:
D:1:      shiori_shiawase, layout_basic, shapermc_ecumenical_altar_notcrosses,
          patterned_corridor
D:2:      layout_rooms, serial_shops, nicolae_shop_rolling_square,
          serial_curves, eino_curves_03, eino_curves_02
D:3:      lemuel_castle_with_subvaults [lemuel_castle_interior_carwin_1],
          layout_loops_ring, mainiacjoe_overflow_brackets, minmay_cut_off,
          uniq_ijyb

Skill      XL: |  1  2  3 |
---------------+----------+-----
Summonings     | 5 |  5.4
Dodging        | |  2.6
Stealth        | |  2.1
Spellcasting   | |  2.0

Action                     || total
---------------------------++-------
  Melee: Unarmed           ||     1
         Dagger            ||    33
         Spear             ||    11
   Cast: Summon Small Mamm ||    37
         Call Imp          ||     6
         Call Canine Famil ||     3
   Stab: Distracted        ||     1
 Armour: Robe              ||     8
  Dodge: Dodged            ||    26

Table legend: (Time is in decaauts)
 A = Elapsed time spent in this place.
 B = Non-inter-level travel time spent in this place.
 C = Inter-level travel time spent in this place.
 D = Time resting spent in this place.
 E = Time spent auto-exploring this place.
 F = Levels seen in this place.
 G = Mean time per level.
                   A        B        C        D        E       F      G
               +--------+--------+--------+--------+--------+-----+--------+
         Total |   1969 |   1914 |     55 |      0 |   1633 |   3 |  656.3 |
       Dungeon |   1969 |   1914 |     55 |      0 |   1633 |   3 |  656.3 |
               +--------+--------+--------+--------+--------+-----+--------+

Top non-repeatable levels by time:
     D:2: 905 daAuts
     D:1: 623 daAuts
     D:3: 440 daAuts
